 Dungeon Crawl Stone Soup version 0.18-a0-19-g8b99b3a (webtiles) character file.

46 Ijustatesigmund the Sneak (level 3, -15/18 HPs)
             Began as a Vine Stalker Assassin on Nov 1, 2015.
             Demolished by an orc
             ... wielding a +0 spear of chaos
              (19 damage)
             ... on level 2 of the Dungeon.
             The game lasted 00:02:58 (797 turns).

Ijustatesigmund the Sneak (Vine Stalker Assassin)    Turns: 797, Time: 00:03:00

Health: -15/18     AC:  3    Str: 13    XL:     3   Next: 66%
Magic:  0/4        EV: 11    Int: 11    God:
Gold:   36         SH:  0    Dex: 16    Spells: 0 memorised, 2 levels left

rFire  . . .     SeeInvis .     m - +2 dagger (flame)
rCold  . . .     Clarity  .     c - +0 robe
rNeg   . . .     SustAt   .     (no shield)
rPois  .         Gourm    .     (no helmet)
rElec  .         Spirit   +     d - +0 cloak
rCorr  .         Warding  .     (no gloves)
rMut   .         Stasis   .     (no boots)
MR     .....                    (no amulet)
Stlth  ++........               (no ring)
                                h - ring of stealth

@: lethally poisoned (-15 -> -17), not resistant to hostile enchantments,
unstealthy
A: fangs 2, regeneration 1, magic shield, antimagic bite, no device heal 3, rot
immunity
a: no special abilities


You were on level 2 of the Dungeon.
You were not hungry.

You visited 1 branch of the dungeon, and saw 2 of its levels.

You collected 36 gold pieces.

Inventory:

Hand Weapons
 a - a +2 dagger
 b - a +0 blowgun
 m - a +2 dagger of flaming (weapon)
Missiles
 e - 8 poisoned needles
 f - 2 curare-tipped needles
Armour
 c - a +0 robe (worn)
 d - a +0 cloak (worn)
Jewellery
 h - a ring of stealth (left hand)
Scrolls
 n - a scroll of fear {unknown}
 o - 2 scrolls of remove curse {unknown}
 r - a scroll of random uselessness {unknown}
Potions
 i - a potion of cure mutation {unknown}
 j - a potion of mutation {unknown}
 p - a potion of heal wounds {unknown}
 q - a potion of agility {unknown}
Comestibles
 g - 2 bread rations
 l - a royal jelly


   Skills:
 - Level 1.7 Fighting
 + Level 2.5 Short Blades
 + Level 2.4 Throwing
 - Level 0.7 Dodging
 + Level 5.4 Stealth


You had 2 spell levels left.
You didn't know any spells.

Dungeon Overview and Level Annotations

Branches:
Dungeon (2/15)

Altars:
Xom


Innate Abilities, Weirdness & Mutations

You have extremely sharp teeth.
Your natural rate of healing is unusually fast.
When hurt, damage is shared between your health and your magic reserves.
Your bite disrupts and absorbs the magic of your enemies.
Potions and wands cannot restore your health.
You are immune to rotting.


Message History

You enter the shallow water.
Moving in this stuff is going to be slow.
An orc comes into view. It is wielding a spear of chaos.
You see here a spear of chaos.
You enter the shallow water.
Moving in this stuff is going to be slow.
The orc hits you with a spear of chaos. The orc freezes you.
You hit the orc. You burn the orc.
The orc is moderately wounded.
The orc hits you with a spear of chaos.
You are poisoned.
The orc hits you from afar with a spear of chaos.
You hit the orc. You burn the orc.
You kill the orc!
You feel sick.
The orc hits you from afar with a spear of chaos.
* * * LOW HITPOINT WARNING * * *
You are electrocuted!
Ouch! That really hurt!
You die...

≈..# ..# #.##
.§.⌠.≈ .≈# #†#
##..#≈###.. #.#
.##.##.._ #.#
##≈#!≈.#.### #.# .⌠
#$...≈.## #.#
#..##≈..≈#o######.#
#..#.#⌠)#)#......#
####...#@.########
##≈≈⌠#.#.##
#≈..#≈.#.#.#
##.###.≈≈.##
##≈#⌠.#≈## ##≈#≈###
######


You could see an orc.

Vanquished Creatures
  An adder (D:2)
  2 worms (D:2)
  A giant gecko (D:1)
  3 orcs (D:2)
  3 bats (D:1)
  3 hobgoblins (D:1)
  2 jackals (D:1)
  4 kobolds
  3 goblins (D:1)
  4 rats
26 creatures vanquished.

Notes
Turn   | Place    | Note
--------------------------------------------------------------
     0 | D:1      | Ijustatesigmund the Vine Stalker Assassin began the quest for the Orb.
     0 | D:1      | Reached XP level 1. HP: 11/11 MP: 2/2
   104 | D:1      | Reached skill level 5 in Stealth
   106 | D:1      | Reached XP level 2. HP: 9/15 MP: 1/3
   506 | D:2      | Reached XP level 3. HP: 18/18 MP: 4/4
   776 | D:2      | Found a shimmering altar of Xom.
   797 | D:2      | Demolished by an orc

Vault maps used:
D:1:      elethiomel_arrival_quiet
D:2:      nicolae_overflow_hidden_temple, tgw_xom, uniq_jessica

Action                   || total
-------------------------++-------
Melee: Dagger            ||    52
  Use: Scroll            ||     1
 Stab: Sleeping          ||    12
       Distracted        ||     1
